 Dungeon Crawl Stone Soup version 0.28.0-43-g3370ac3207 (webtiles) character file.

Game seed: 5604710867774198427

244 pkoi the Chiller (level 5, -2/38 HPs)
             Began as a Demigod Ice Elementalist on Mar 24, 2022.
             Slain by a phantom (7 damage)
             ... on level 4 of the Dungeon.
             The game lasted 00:05:21 (4292 turns).

pkoi the Chiller (Demigod Ice Elementalist)         Turns: 4292, Time: 00:05:22

Health: -2/38      AC:  2    Str:  9    XL:     5   Next: 52%
Magic:  8/10       EV: 12    Int: 21    God:
Gold:   83         SH:  0    Dex: 14    Spells: 2/8 levels left

rFire   . . .      SeeInvis .   r - +2 spear (vorpal)
rCold   . . .      Faith    .   (no shield)
rNeg    . . .      Spirit   .   a - +0 robe
rPois   +          Reflect  .   (no helmet)
rElec   .          Harm     .   (no cloak)
rCorr   .          Rampage  .   (no gloves)
Will    +....                   (no boots)
Stlth   ++........              (no amulet)
HPRegen 0.12/turn               h - ring of poison resistance
MPRegen 0.12/turn               l - ring of willpower

@: no status effects
A: high MP 1, forlorn, divine attributes
a: no special abilities


You were on level 4 of the Dungeon.
You visited 1 branch of the dungeon, and saw 4 of its levels.

You collected 83 gold pieces.

Inventory:

Hand Weapons
 b - a +0 dagger
 d - a +0 whip
 n - a +0 great sword
 r - a +2 vorpal spear (weapon)
 v - a +0 great sword of electrocution
Missiles
 e - 2 poisoned darts
 o - a throwing net
Armour
 a - a +0 robe (worn)
Jewellery
 h - a ring of poison resistance (left hand)
 l - a ring of willpower (right hand)
 m - a ring of see invisible
 u - an amulet of reflection
Wands
 q - a wand of flame (20)
Scrolls
 c - 5 scrolls of identify {unknown}
 f - a scroll of blinking {unknown}
 i - a scroll of summoning {unknown}
 j - 4 scrolls of amnesia {unknown}
 k - 2 scrolls of teleportation {unknown}
 t - a scroll of noise {unknown}
Potions
 g - a potion of mutation {unknown}
 p - a potion of magic {unknown}
 s - a potion of curing {unknown}
 w - 2 potions of brilliance {unknown}


   Skills:
 - Level 1.7 Dodging
 - Level 1.7 Stealth
 + Level 2.0 Spellcasting
 + Level 0.6 Translocations
 + Level 6.3 Ice Magic


You had 2 spell levels left.
You knew the following spells:

 Your Spells              Type           Power      Damage    Failure   Level
a - Freeze                Ice            100%       1d11      1%          1
b - Frozen Ramparts       Ice            56%        1d7       3%          3
c - Blink                 Tloc           8%         N/A       17%         2

Your spell library contained the following spells:

 Spells                   Type           Power      Damage    Failure   Level
 Ozocubu's Armour         Ice            28%        N/A       3%          3
 Lesser Beckoning         Tloc           4%         N/A       34%         3
 Hailstorm                Conj/Ice       15%        3d5       36%         4
 Manifold Assault         Tloc           4%         N/A       97%         5


Dungeon Overview and Level Annotations

Branches:
Dungeon (4/15)
 Temple: D:4-7


Innate Abilities, Weirdness & Mutations

You have an increased reservoir of magic. (+10% MP)
You shall have no god before yourself.
Your divine heritage dramatically boosts your attributes as you level up.


Message History

You are too injured to fight recklessly!
You are too injured to fight recklessly!
You are too injured to fight recklessly!
You closely miss the phantom.
The phantom is heavily damaged.
The phantom hits you.
* * * LOW HITPOINT WARNING * * *
The phantom blinks!
You blink.
The phantom hits you.
* * * LOW HITPOINT WARNING * * *
The phantom blinks!
You blink.
Reach: r) +2 spear (vorpal)
Press: ? - help, Dir - move target, f/p - phantom
Aim: a phantom (heavily damaged, about 47% to evade your +2 vorpal spear)
You closely miss the phantom.
The phantom is heavily damaged.
The phantom hits you.
* * * LOW HITPOINT WARNING * * *
The phantom blinks!
You blink.
Reach: r) +2 spear (vorpal)
Press: ? - help, Dir - move target, f/p - phantom
Aim: a phantom (heavily damaged, about 47% to evade your +2 vorpal spear)
You closely miss the phantom.
The phantom is heavily damaged.
The phantom hits you!
* * * LOW HITPOINT WARNING * * *
Reach: r) +2 spear (vorpal)
Press: ? - help, Dir - move target, f/p - phantom
Aim: a phantom (heavily damaged, about 47% to evade your +2 vorpal spear)
You miss the phantom.
The phantom is heavily damaged.
The phantom hits you!
* * * LOW HITPOINT WARNING * * *
The phantom blinks!
You blink.
Reach: r) +2 spear (vorpal)
Press: ? - help, Dir - move target, f/p - phantom
Aim: a phantom (heavily damaged, about 47% to evade your +2 vorpal spear)
You barely miss the phantom.
The phantom is heavily damaged.
The phantom hits you!
You die...

#....#### #.#.## ..
#.######### ..
#.#.......# ..
#.#.#####.# '#
#.#.#####.# .#
#.).......# .######
###.......###.......
#.......W@......#
#.......#.....#.#
##.....###...##
####### ##.## ...
####


You could see a phantom.

Vanquished Creatures
  3 orc wizards
  Robin (D:3)
  4 adders
  4 gnolls (D:3)
  A worm (D:2)
  5 orcs
  3 ball pythons
  3 bats
  5 endoplasms
  A giant cockroach (D:2)
  14 goblins
  5 hobgoblins
  13 jackals
  3 kobolds
  3 quokkas
  2 frilled lizards
  3 rats (D:3)
73 creatures vanquished.

Notes
Turn   | Place    | Note
-------+----------+-------------------------------------------
     0 | D:1      | pkoi the Demigod Ice Elementalist began the quest for the
                  | Orb.
     0 | D:1      | Reached XP level 1. HP: 14/14 MP: 5/5
   342 | D:1      | Reached skill level 4 in Ice Magic
   584 | D:1      | Reached XP level 2. HP: 19/20 MP: 4/7
  1673 | D:2      | Reached XP level 3. HP: 25/26 MP: 3/8
  1677 | D:2      | Learned a level 3 spell: Frozen Ramparts
  2416 | D:3      | Noticed Robin
  2419 | D:3      | Reached skill level 5 in Ice Magic
  2422 | D:3      | Killed Robin
  2438 | D:2      | Reached XP level 4. HP: 21/33 MP: 4/9
  3349 | D:3      | Reached skill level 6 in Ice Magic
  3349 | D:3      | Reached XP level 5. HP: 32/38 MP: 5/10
  3762 | D:4      | Learned a level 2 spell: Blink
  4292 | D:4      | Slain by a phantom

Illustrated notes

Levels and vault maps discovered:
D:1:      lemuel_arrival_hallway, layout_basic
D:2:      layout_loops_ring, basic_ecumenical_altar, minmay_indecisive_spiral
D:3:      layout_basic, uniq_robin
D:4:      layout_loops_corners, uniq_natasha

Skill      XL: |  1  2  3  4  5 |
---------------+----------------+-----
Ice Magic      | 4 5 6 |  6.3
Spellcasting   | 2 |  2.0
Dodging        | |  1.7
Stealth        | |  1.7
Translocations | |  0.6

Action                   |  1- 3 |  4- 6 || total
-------------------------+-------+-------++-------
Melee: Unarmed           |     8 |       ||     8
       Dagger            |    30 |     3 ||    33
       Punch             |     2 |       ||     2
       Spear             |       |    27 ||    27
       Great sword       |       |    13 ||    13
 Cast: Freeze            |    41 |     2 ||    43
       Frozen Ramparts   |     4 |    14 ||    18
 Stab: Sleeping          |     1 |     2 ||     3
Armor: Robe              |    13 |     6 ||    19
Dodge: Dodged            |    50 |    25 ||    75
